AoeStats
← [ Wildpigs ] PaPi

African Clearing

510453716Analyzed
3v3 RM · 1d ago on Oct 1, 2026· 60m 33s· 6 players
Game mode
Random Map
Map size
Normal (6 player)
Population
200
Speed
Normal
Resources
Standard
Victory
Conquest
Starting age
Dark Age
Ending age
Imperial Age
RankedLock teamsTeams togetherTeam positionsShared explorationLock speedFull tech treeHidden civsTurbo modeCheats
Victory
Defeat
🇨🇳 Varangians · China
1047
+17
🇲🇽 Franks · Mexico
1030
+17
🇨🇳 Mongols · China
1023
+18
🇲🇽 Vikings · Mexico
1153
-21
🇲🇽 Varangians · Mexico
1049
-17
🇲🇽 Japanese · Mexico
978
-14
[ Wildpigs ] PaPi
5:56 Loom
12:39 Feudal Age
16:47 Forging
21:20 Castle Age
19:42 Double-Bit Axe
21:25 Light Cavalry
24:41 Wheelbarrow
26:03 Bow Saw
35:20 Imperial Age
33:09 Hand Cart
33:32 Fletching
33:42 Padded Archer Armor
33:45 Gold Mining
33:52 Town Watch
34:52 Town Patrol
35:42 Bodkin Arrow
36:04 Heavy Scorpion
38:06 Chemistry
38:15 Leather Archer Armor
40:34 Gold Shaft Mining
40:03 Squires
46:20 Chivalry
46:41 Conscription
45:41 Ordonnance Companies
46:54 Cavalier
47:35 Husbandry
48:20 Murder Holes
50:11 Scale Barding Armor
54:45 Chain Barding Armor
55:01 Iron Casting
DEEP DARK FANTASY
4:43 Loom
14:18 Feudal Age
15:39 Double-Bit Axe
16:07 Loom
21:13 Castle Age
20:10 Fletching
20:20 Padded Archer Armor
20:28 Stone Mining
22:05 Bow Saw
25:59 Wheelbarrow
27:26 Hand Cart
27:17 Bodkin Arrow
27:13 Horse Collar
27:45 Bow Saw
28:42 Heavy Plow
35:48 Imperial Age
34:15 Gold Mining
35:04 Stone Shaft Mining
35:43 Ballistics
35:20 Bodkin Arrow
35:59 Bloodlines
37:17 Parthian Tactics
37:51 Gold Shaft Mining
37:54 Conscription
39:13 Chemistry
38:31 Bracer
39:43 Thumb Ring
39:45 Husbandry
41:25 Drill
41:12 Nomads
40:57 Elite Mangudai
42:34 Leather Archer Armor
42:30 Forging
42:26 Scale Barding Armor
42:29 Light Cavalry
42:52 Capped Ram
43:23 Hussar
46:12 Siege Ram
47:41 Iron Casting
49:21 Siege Engineers
59:01 Blast Furnace
58:21 Chain Barding Armor
King Bourbon
4:14 Loom
16:21 Feudal Age
19:24 Double-Bit Axe
21:50 Castle Age
20:30 Scale Barding Armor
21:46 Bloodlines
21:52 Forging
22:51 Husbandry
32:06 Gold Mining
33:12 Fishing Lines
34:40 Chain Barding Armor
35:56 Iron Casting
39:37 Gillnets
44:21 Imperial Age
42:54 Bow Saw
42:46 Stone Mining
46:01 Plate Barding Armor
46:28 Blast Furnace
44:52 Cavalier
45:55 Conscription
45:42 Vendel Legacy
48:41 Wheelbarrow
47:47 Elite Jarl
50:02 Scale Mail Armor
50:28 Hand Cart
52:18 Elite Varangian Guard
52:59 Squires
56:20 Chain Mail Armor
59:04 Two-Man Saw
scorpio
10:27 Loom
11:58 Loom
14:02 Feudal Age
15:24 Double-Bit Axe
22:33 Castle Age
21:59 Horse Collar
24:11 Forging
24:22 Bloodlines
24:46 Bow Saw
24:38 Pikeman
28:04 Husbandry
28:37 Elite Skirmisher
29:47 Arson
30:31 Fletching
31:56 Squires
32:44 Heavy Plow
35:50 Bodkin Arrow
36:02 Scale Mail Armor
36:04 Padded Archer Armor
41:14 Imperial Age
40:31 Iron Casting
42:12 Gold Mining
43:00 Chain Mail Armor
42:51 Scale Barding Armor
43:52 Blast Furnace
43:50 Conscription
43:39 Halberdier
44:56 Stone Mining
44:53 Onager
46:37 Stone Shaft Mining
46:46 Wheelbarrow
45:57 Town Watch
47:17 Halberdier
48:24 Ballistics
47:45 Treadmill Crane
49:06 Chemistry
48:15 Siege Engineers
50:14 Chain Mail Armor
51:01 Blast Furnace
50:02 Bracer
53:29 Plate Mail Armor
53:14 Leather Archer Armor
54:01 Town Patrol
57:12 Gothikon
60:59 Hand Cart
mtph
9:08 Loom
14:08 Feudal Age
17:55 Double-Bit Axe
18:11 Double-Bit Axe
20:31 Castle Age
19:35 Gold Mining
21:54 Gold Shaft Mining
21:10 Stone Mining
32:31 Gold Shaft Mining
31:38 Elite Skirmisher
34:07 Forging
33:57 Scale Mail Armor
35:27 Pikeman
36:47 Squires
37:06 Fletching
37:16 Padded Archer Armor
37:52 Iron Casting
37:18 Scale Mail Armor
39:42 Ballistics
39:18 Murder Holes
45:13 Imperial Age
43:55 Wheelbarrow
43:36 Bodkin Arrow
43:56 Leather Archer Armor
43:35 Horse Collar
47:59 Chemistry
47:47 Leather Archer Armor
VolJeen
4:27 Loom
15:07 Feudal Age
15:34 Double-Bit Axe
16:22 Town Watch
22:11 Castle Age
24:07 Forging
24:53 Scale Barding Armor
26:22 Squires
26:19 Horse Collar
28:36 Scale Mail Armor
28:44 Pikeman
34:35 Imperial Age
34:30 Gold Mining
40:02 Chieftains
41:05 Iron Casting
41:45 Conscription
43:29 Bow Saw
46:37 Chain Mail Armor
47:23 Blast Furnace
47:45 Chain Barding Armor
47:41 Arson
47:30 Onager
51:44 Plate Mail Armor
58:01 Heavy Scorpion
Connection lost

Rejoining the realm…

Still unreachable

The connection could not be restored.

Session expired

The server has moved on; the page needs a fresh start.